 Dungeon Crawl Stone Soup version 0.17.1-1-g73c8601 (webtiles) character file.

69 DeXoteric the Poker (level 4, 0/33 HPs)
             Began as a Merfolk Skald on Dec 21, 2015.
             Slain by Sigmund
             ... wielding a +0 scythe
              (8 damage)
             ... on level 2 of the Dungeon.
             The game lasted 00:04:18 (2222 turns).

DeXoteric the Poker (Merfolk Skald)                 Turns: 2222, Time: 00:04:18

Health: 0/33       AC:  3    Str: 12    XL:     4   Next: 20%
Magic:  6/7        EV: 11    Int: 12    God:
Gold:   40         SH:  0    Dex: 13    Spells: 2 memorised, 3 levels left

rFire  . . .     SeeInvis .     a - +0 spear
rCold  . . .     Clarity  .     b - +0 leather armour
rNeg   . . .     SustAt   .     (no shield)
rPois  .         Gourm    .     (no helmet)
rElec  .         Spirit   .     (no cloak)
rCorr  .         Warding  .     (no gloves)
rMut   .         Stasis   .     (no boots)
MR     .....                    (no amulet)
Stlth  +.........               (no ring)
                                (no ring)

@: not resistant to hostile enchantments, very unstealthy
A: change form in water, swift swim
a: no special abilities


You were on level 2 of the Dungeon.
You were hungry.

You visited 1 branch of the dungeon, and saw 2 of its levels.

You collected 40 gold pieces.

Inventory:

Hand Weapons
 a - a +0 spear (weapon)
Armour
 b - a +0 leather armour (worn)
Scrolls
 e - a scroll of enchant weapon {unknown}
 g - a scroll of immolation {unknown}
 h - a scroll of teleportation {unknown}
 j - a scroll of fog {unknown}
Potions
 f - a potion of heal wounds {unknown}
 l - a potion of curing {unknown}
Books
 c - a book of Battle

   Spells                             Type                      Level
   a - Infusion                       Charms                       1
   b - Shroud of Golubria             Charms/Translocation         2
   c - Song of Slaying                Charms                       2
   d - Spectral Weapon                Hexes/Charms                 3
   e - Regeneration                   Charms/Necromancy            3
Comestibles
 d - a bread ration
 i - a royal jelly
 k - a meat ration


   Skills:
 - Level 2.1 Fighting
 + Level 4.7 Polearms
 - Level 0.6 Armour
 - Level 1.3 Dodging
 - Level 2.0 Spellcasting
 + Level 0.6 Hexes
 + Level 4.4 Charms


You had 3 spell levels left.
You knew the following spells:

 Your Spells              Type           Power        Failure   Level  Hunger
a - Infusion              Chrm           ##....       8%          1    ##.....
b - Spectral Weapon       Hex/Chrm       #.......     38%         3    ####...


Dungeon Overview and Level Annotations

Branches:
Dungeon (2/15)

Altars:

Annotations:
D:2 Sigmund


Message History

Your spectral weapon is unaffected.
Something hits you but does no damage. Something hits you.
You feel less confused. Something hits you! Something completely misses you.
There is a stone staircase leading up here.
You hit something. You miss something. Something hits you but does no damage.
You miss something. You miss something. Something hits you!
* * * LOW HITPOINT WARNING * * *
You closely miss something. Something hits you.
* * * LOW HITPOINT WARNING * * *
You miss something. You hit something but do no damage.
You hear some strange, mumbled words.
Something tries to affect you, but you resist.
You closely miss something. Something hits you!
You die...

##.^#..#.#.........#
#.#
##..#.##.#...(...###
#.# .........#.#####.#
#.# ........)#. #.# #.#
##.###...#. #.# #.#
#.......#.### #.# #)#
#####..##...#
#.#########.#
#..####.###(..........#
#.........{m...#####..#
#.#####.###.##.# #..#
######.# #.# #.##.#
#..# .......# #.#
...#.# #..# ##.#####
#....#.... #..# #.#
#..#. .#.# #..# #.#
#..## ##.# #..# ##.#
#..# ... #..# .{.#


There were no monsters in sight!

Vanquished Creatures
  Terence (D:2)
  2 adders (D:2)
  2 ball pythons
  3 hobgoblins
  A quokka (D:2)
  2 bats
  2 giant newts (D:2)
  8 goblins
  3 kobolds (D:2)
  5 rats
29 creatures vanquished.

Vanquished Creatures (others)
  A spectral weapon (D:2)
1 creature vanquished.

Grand Total: 30 creatures vanquished

Notes
Turn   | Place    | Note
--------------------------------------------------------------
     0 | D:1      | DeXoteric the Merfolk Skald began the quest for the Orb.
     0 | D:1      | Reached XP level 1. HP: 16/16 MP: 3/3
   526 | D:1      | Reached XP level 2. HP: 22/22 MP: 5/5
  1118 | D:2      | Noticed Terence
  1142 | D:2      | Killed Terence
  1142 | D:2      | Reached skill level 4 in Polearms
  1142 | D:2      | Reached XP level 3. HP: 6/27 MP: 1/6
  1381 | D:2      | Learned a level 3 spell: Spectral Weapon
  1454 | D:2      | Noticed Sigmund
  1633 | D:2      | Reached XP level 4. HP: 12/33 MP: 7/7
  2222 | D:2      | Slain by Sigmund

Action                   |  1- 3 |  4- 6 || total
-------------------------+-------+-------++-------
Melee: Spear             |   110 |    29 ||   139
 Cast: Infusion          |     1 |       ||     1
       Spectral Weapon   |       |     3 ||     3
 Stab: Sleeping          |     1 |       ||     1
  Eat: Chunk             |     2 |     2 ||     4
